 Dungeon Sprint DCSS version 0.27-a0-1119-gbf574a6a6b (webtiles) character file.

Game seed: 12550347006384980385

4017 mhtbhm the Scorcher (level 10, -40/50 HPs)
             Began as a Deep Elf Fire Elementalist on May 2, 2021.
             Was the Champion of Vehumet.
             Killed from afar by Gyexziahi the pandemonium lord (81 damage)
             ... with a great icy blast
             ... in the Dungeon (Sprint V: "Ziggurat Sprint").
             The game lasted 00:03:46 (767 turns).

mhtbhm the Scorcher (Deep Elf Fire Elementalist)     Turns: 767, Time: 00:03:47

Health: -40/50     AC:  9    Str:  8    XL:     10   Next: 3%
Magic:  15/29      EV: 17    Int: 36    God:    Vehumet [******]
Gold:   0          SH:  0    Dex: 15    Spells: 14/36 levels left

rFire    + . .     SeeInvis .   C - +8 lance "Wyrmbane" {slay drac, rPois rF+ rC+ AC+3}
rCold    + . .     Faith    .   (no shield)
rNeg     . . .     Spirit   .   a - +0 robe
rPois    +         Reflect  .   (no helmet)
rElec    .         Harm     .   x - +2 cloak {rPois}
rCorr    .         Rampage  .   D - +0 pair of gloves {Str+3}
Will     +....     NoTele   +   (no boots)
Stlth    ++++......             (no amulet)
HPRegen  0.16/turn              u - +6 ring of intelligence
MPRegen  0.21/turn              v - +6 ring of intelligence

@: lethally poisoned (-40 -> -49), untranslocatable, hasted, very quick
A: no striking features
a: Renounce Religion


You were in the Dungeon.
You worshipped Vehumet.
Vehumet was exalted by your worship.
You visited 1 branch

Inventory:

Hand Weapons
 C - the +8 lance "Wyrmbane" (weapon) {slay drac, rPois rF+ rC+ AC+3}
   (You found it in the Dungeon)

   It affects your AC (+3).
   It protects you from fire.
   It protects you from cold.
   It protects you from poison.
Armour
 a - a +0 robe (worn)
 x - a +2 cloak of poison resistance (worn)
 D - a +0 pair of gloves of strength (worn)
Jewellery
 r - a +6 ring of intelligence
 t - an amulet of guardian spirit
 u - a +6 ring of intelligence (left hand)
 v - a +6 ring of intelligence (right hand)
Wands
 y - a wand of mindburst (6)
 z - a wand of iceblast (3)
 A - a wand of acid (6)
Scrolls
 h - 4 scrolls of blinking
 m - 4 scrolls of amnesia
 n - 7 scrolls of fog
 o - a scroll of holy word
 p - 5 scrolls of identify
 q - a scroll of fear
Potions
 b - 2 potions of brilliance
 c - 10 potions of curing
 d - 14 potions of heal wounds
 e - 5 potions of haste
 f - 7 potions of magic
 g - 3 potions of berserk rage
 i - 2 potions of invisibility
 j - 4 potions of resistance
 k - a potion of experience
 l - 5 potions of might
Miscellaneous
 s - a condenser vane (inert)
 w - a box of beasts
 B - a lightning rod (2/4)


   Skills:
 + Level 10.2 Dodging
 - Level 9.0 Stealth
 + Level 13.5 Spellcasting
 + Level 5.0 Conjurations
 + Level 17.5 Fire Magic
 * Level 0.2 Earth Magic
 + Level 5.3 Evocations


You had 14 spell levels left.
You knew the following spells:

 Your Spells              Type           Power      Damage    Failure   Level
a - Foxfire               Conj/Fire      100%       2x1d9     0%          1
b - Conjure Flame         Conj/Fire      82%        6-21      1%          3
c - Inner Flame           Hex/Fire       73%        N/A       1%          3
d - Sticky Flame          Conj/Fire      82%        2d9       1%          4
e - Fireball              Conj/Fire      41%        3d17      1%          5
f - Iron Shot             Conj/Erth      21%        9d5       21%         6

Your spell library contained the following spells:

 Spells                   Type           Power      Damage    Failure   Level
 Ignite Poison            Fire/Tmut/Pois 61%        N/A       1%          3
 Apportation              Tloc           48%        N/A       1%          1
 Stone Arrow              Conj/Erth      86%        3d12      1%          3
 Bolt of Magma            Conj/Fire/Erth 34%        4d15      1%          5
 Iskenderun's Battlesphe  Conj           57%        2d11      1%          5
 Lesser Beckoning         Tloc           12%        N/A       4%          3
 Tukima's Dance           Hex            24%        N/A       4%          3
 Irradiate                Conj/Tmut      21%        3d21      4%          5
 Ice Form                 Ice/Tmut       24%        N/A       16%         4
 Summon Ice Beast         Ice/Summ       24%        N/A       16%         4
 Freezing Cloud           Conj/Ice/Air   18%        6-21      30%         6
 Orb of Destruction       Conj           28%        9d11      38%         7
 Alistair's Intoxication  Tmut/Pois      16%        N/A       41%         5
 Spellforged Servitor     Conj/Summ      21%        N/A       71%         7
 Statue Form              Tmut/Erth      16%        N/A       93%         6
 Blade Hands              Tmut           12%        N/A       94%         6
 Invisibility             Hex            24%        N/A       94%         6
 Simulacrum               Ice/Necr       12%        N/A       94%         6
 Ozocubu's Refrigeration  Ice            12%        4d7       96%         7
 Dragon Form              Tmut           12%        N/A       100%        7
 Shatter                  Erth           13%        3d13*     100%        9


Dungeon Overview and Level Annotations

Branches:
Dungeon (1/1)

Altars:
Ashenzari
Cheibriados
Dithmenos
Elyvilon
Fedhas
Gozag
Hepliaklqana
Kikubaaqudgha
Makhleb
Nemelex Xobeh
Okawaru
Qazlal
Ru
Sif Muna
Trog
Uskayaw
Vehumet
Wu Jian
Xom
Yredelemnul
Zin
The Shining One
Beogh
Jiyva
Lugonu


Message History

You kill the ufetubus!
The ufetubus is engulfed in freezing vapours.
You kill the ufetubus!
The ynoxinul is engulfed in freezing vapours.
Ysetul is engulfed in freezing vapours.
Unknown command.
Casting: Fireball (safe; 1% risk of failure)
Confirm with . or Enter, or press ? or * to list all spells.
Aiming: Fireball (safe; 1% risk of failure)
Press: ? - help, Shift-Dir - straight line, f/p - Gyexziahi
Aim: Gyexziahi (lightly wounded)
The fireball explodes!
The fireball engulfs Gyexziahi!!
Gyexziahi is moderately wounded.
The fireball engulfs Ysetul.
Ysetul is moderately wounded.
You feel sick.
Gyexziahi sneers, "Thy faith shall be my meal!"
Gyexziahi gestures at you.
You feel more firmly anchored in space.
The iron imp is engulfed in freezing vapours.
You kill the iron imp!
Vehumet accepts your kill.
You feel your power returning.
Unknown command.
Unknown command.
Casting: Fireball (safe; 1% risk of failure)
Confirm with . or Enter, or press ? or * to list all spells.
Aiming: Fireball (safe; 1% risk of failure)
Press: ? - help, Shift-Dir - straight line, f/p - Gyexziahi
Aim: Gyexziahi (moderately wounded)
The fireball explodes!
The fireball engulfs Gyexziahi!!
Gyexziahi is heavily wounded.
The fireball engulfs Ysetul!!
Ysetul is moderately wounded.
You feel sick. Gyexziahi gestures at you.
Gyexziahi conjures a mighty blast of ice!
The great icy blast engulfs you!!!! You partially resist.
Ouch! That really hurt!
You die...

▓..8©8..▓
▓.§§§§§...▓..}))..▓
▓.§§§§§§5.▓..|)[..▓
▓..§§3§§..▓.......▓
▓..§§§§§..▓.......▓
▓.....&...▓..†....▓
▓....&....▓.......▓
▓...§§§...▓.▓.†.▓.▓
▓..§§@....▓...©...▓
▓▓▓▓▓▓▓▓▓▓▓▓▓▓▓▓▓▓▓
▓..8©8..▓ ▓..)....▓
▓..)....▓ ▓.......▓
▓.......▓ ▓.......▓
▓.......▓


You could see Gyexziahi, Ysetul, a ynoxinul and an ufetubus (summoned).

Vanquished Creatures
  A two-headed ogre (D)
  2 deep elf knights (D)
  A deep elf archer (D)
  A deep elf zephyrmancer (D)
  A jumping spider (D)
  2 tarantellas (D)
  A golden eye (D)
  3 hell hounds (D)
  An ogre (D)
  A scorpion (D)
  4 crimson imps (D)
  A quasit (D)
  An iron imp (D)
  An orc priest (D)
  An orc wizard (D)
  A shadow imp (D)
  A white imp (D)
  2 ufetubi (D)
  2 adder zombies (D)
  3 orcs (D)
  2 ball python zombies (D)
33 creatures vanquished.

Vanquished Creatures (others)
  4 foxfires (D)
4 creatures vanquished.

Grand Total: 37 creatures vanquished

Notes
Turn   | Place    | Note
-------+----------+-------------------------------------------
     0 | D        | mhtbhm the Deep Elf Fire Elementalist began the quest for
                  | the Orb.
     0 | D        | Reached XP level 1. HP: 10/10 MP: 6/6
     0 | D        | Found a blossoming altar of Fedhas.
     1 | D        | Found the +6 Majin-Bo {vamp, MP+6 Int+6}
     1 | D        | Found the +9 heavy crossbow "Sniper" {vorpal, Acc+∞ SInv}
     1 | D        | Found the +10 dark maul {vorpal}
     1 | D        | Found the +15 Maxwell's patent armour {-Cast -Tele rElec
                  | Will+ rCorr}
     1 | D        | Found the +18 shield of the Gong {rElec rN+ Will+ EV-5}
     1 | D        | Found the +14 obsidian axe {vorpal, Drain Fly SInv}
     1 | D        | Found the +7 great mace "Firestarter" {inner flame, rF++}
     1 | D        | Found the +6 shillelagh "Devastator" {shatter}
     1 | D        | Found the +11 plutonium sword {Contam Stlth-}
     1 | D        | Found the +8 lance "Wyrmbane" {slay drac, rPois rF+ rC+
                  | AC+3}
     1 | D        | Found the +9 sword of Zonguldrok {reap}
     1 | D        | Found the +13 scythe of Curses {drain, Drain}
     1 | D        | Found the +5 sword of Power {vorpal}
     1 | D        | Found the +7 mace of Variability {chain chaos}
     1 | D        | Found the +7 Singing Sword {vorpal, sonic wave}
     1 | D        | Found the +8 storm bow {elec, penet}
     1 | D        | Found a shimmering blue altar of Sif Muna.
     1 | D        | Found a sacrificial altar of Ru.
     1 | D        | Found a bloodstained altar of Trog.
     1 | D        | Found a stormy altar of Qazlal.
     1 | D        | Found an iron altar of Okawaru.
     1 | D        | Found a sparkling altar of Nemelex Xobeh.
     3 | D        | Found a transporter.
     3 | D        | Found an ancient bone altar of Kikubaaqudgha.
     3 | D        | Found a viscous altar of Jiyva.
     3 | D        | Found a corrupted altar of Lugonu.
     3 | D        | Found a hazy altar of Hepliaklqana.
     3 | D        | Found a burning altar of Makhleb.
     3 | D        | Found an opulent altar of Gozag.
    42 | D        | Became a worshipper of Vehumet
    59 | D        | Entered arena 2.
    59 | D        | Noticed a two-headed ogre
    59 | D        | Noticed an ogre
    59 | D        | Found a transporter.
    68 | D        | Killed a two-headed ogre
    69 | D        | Reached skill level 12 in Fire Magic
    69 | D        | Reached XP level 2. HP: 15/15 MP: 4/14
    69 | D        | Reached XP level 3. HP: 19/19 MP: 4/16
    69 | D        | Reached XP level 4. HP: 24/24 MP: 4/17
    69 | D        | Reached XP level 5. HP: 28/28 MP: 4/19
    69 | D        | Reached XP level 6. HP: 32/32 MP: 4/20
    69 | D        | Reached XP level 7. HP: 36/36 MP: 4/22
    70 | D        | Reached skill level 10 in Spellcasting
    70 | D        | Reached skill level 13 in Fire Magic
   185 | D        | Entered arena 3.
   185 | D        | Found a transporter.
   186 | D        | Reached * piety under Vehumet
   186 | D        | Offered knowledge of Sandblast by Vehumet.
   188 | D        | Reached ** piety under Vehumet
   200 | D        | Learned a level 3 spell: Conjure Flame
   204 | D        | Learned a level 3 spell: Inner Flame
   209 | D        | Learned a level 4 spell: Sticky Flame
   215 | D        | Learned a level 5 spell: Fireball
   216 | D        | Entered arena 4.
   216 | D        | Noticed a deep elf knight
   216 | D        | Noticed a deep elf archer
   216 | D        | Noticed a deep elf zephyrmancer
   216 | D        | Noticed a deep elf knight
   216 | D        | Found a transporter.
   218 | D        | Killed a deep elf archer
   219 | D        | Reached skill level 14 in Fire Magic
   219 | D        | Reached XP level 8. HP: 28/41 MP: 19/25
   219 | D        | Killed a deep elf zephyrmancer
   219 | D        | Killed a deep elf knight
   220 | D        | Reached skill level 16 in Fire Magic
   220 | D        | Reached XP level 9. HP: 31/45 MP: 18/27
   220 | D        | Killed a deep elf knight
   220 | D        | Reached *** piety under Vehumet
   314 | D        | Entered arena 5.
   314 | D        | Noticed a jumping spider
   314 | D        | Found a transporter.
   315 | D        | Killed a jumping spider
   316 | D        | Reached **** piety under Vehumet
   317 | D        | Reached skill level 10 in Dodging
   317 | D        | Reached skill level 17 in Fire Magic
   427 | D        | Entered arena 6.
   427 | D        | Found a transporter.
   428 | D        | Offered knowledge of Poisonous Vapours by Vehumet.
   428 | D        | Reached ***** piety under Vehumet
   448 | D        | Entered arena 7.
   450 | D        | Reached skill level 5 in Evocations
   453 | D        | Found a transporter.
   625 | D        | Entered arena 8.
   626 | D        | Offered knowledge of Ignite Poison by Vehumet.
   627 | D        | Reached XP level 10. HP: 50/50 MP: 29/29
   627 | D        | Reached ****** piety under Vehumet
   631 | D        | Found a transporter.
   653 | D        | Got the Incunabulum of Earth
   661 | D        | Learned a level 6 spell: Iron Shot
   762 | D        | Entered arena 9.
   762 | D        | Noticed Gyexziahi the pandemonium lord
   762 | D        | Noticed Ysetul the pandemonium lord
   764 | D        | Reached skill level 5 in Conjurations
   767 | D        | Killed from afar by Gyexziahi the pandemonium lord

Illustrated notes

Levels and vault maps discovered:
D:        sprint_v [room_start, room_1, room_2, room_3, room_4, room_5, room_6,
          room_7, room_8, room_9, room_10, room_11, room_12, room_13, room_14,
          room_15, room_16, room_17, room_18, room_19, room_20, room_21,
          room_22, room_23, room_24, room_25, room_26, room_27]

Skill      XL: |  1  2  3  4  5  6  7  8  9 10 |
---------------+-------------------------------+-----
Dodging        | 7 8 9 10 | 10.2
Stealth        | 6 7 8 9 |  9.0
Spellcasting   | 9 11 12 13 | 13.5
Conjurations   | 2 3 4 5 |  5.0
Fire Magic     | 12 14 16 17 | 17.5
Evocations     | 2 3 4 5 |  5.3
Earth Magic    | |  0.2

Action                   |  1- 3 |  4- 6 |  7- 9 | 10-12 || total
-------------------------+-------+-------+-------+-------++-------
 Cast: Foxfire           |     2 |       |       |       ||     2
       Fireball          |       |       |     9 |     4 ||    13
Evoke: Wand              |     3 |       |     3 |       ||     6
       Lightning rod     |       |       |     3 |     3 ||     6
       Condenser vane    |       |       |     1 |     1 ||     2
  Use: Scroll            |     1 |       |       |       ||     1
       Potion            |       |       |       |     1 ||     1
Dodge: Dodged            |       |       |       |     1 ||     1

Table legend: (Time is in decaauts)
 A = Elapsed time spent in this place.
 B = Non-inter-level travel time spent in this place.
 C = Inter-level travel time spent in this place.
 D = Time resting spent in this place.
 E = Time spent auto-exploring this place.
 F = Levels seen in this place.
 G = Mean time per level.
                   A        B        C        D        E       F      G
               +--------+--------+--------+--------+--------+-----+--------+
         Total |    764 |    764 |      0 |    525 |      0 |   1 |  764.0 |
       Dungeon |    764 |    764 |      0 |    525 |      0 |   1 |  764.0 |
               +--------+--------+--------+--------+--------+-----+--------+

Top non-repeatable levels by time:
       D: 764 daAuts
